 Dungeon Crawl Stone Soup version 0.25-a0-479-g8579842fd4 (webtiles) character file.

Game seed: 16933332480813010323, levelgen mode: deterministic

324 HawFromDerth the Shield-Bearer (level 6, -6/56 HPs)
             Began as a Deep Dwarf Fighter on Feb 9, 2020.
             Mangled by an ogre
             ... wielding a +0 giant club
              (16 damage)
             ... on level 4 of the Dungeon.
             The game lasted 00:19:04 (3159 turns).

HawFromDerth the Shield-Bearer (Deep Dwarf Fighter) Turns: 3159, Time: 00:19:05

Health: -6/56      AC:  7    Str: 21    XL:     6   Next: 23%
Magic:  6/6        EV: 14    Int: 10    God:
Gold:   166        SH: 10    Dex: 13    Spells: 5/5 levels left

rFire    . . .     SeeInvis +   a - +0 long sword
rCold    . . .     Gourm    .   c - +0 shield
rNeg     . . .     Faith    .   b - +0 scale mail
rPois    .         Spirit   .   (no helmet)
rElec    .         Reflect  .   (no cloak)
rCorr    .         Harm     .   (no gloves)
MR       .....     Rnd*Rage +   (no boots)
Stlth    ..........             (no amulet)
HPRegen  0.00/turn              i - +6 ring of evasion
MPRegen  0.10/turn              e - ring of see invisible

@: non-regenerating
A: damage resistance, heal wounds, berserk 1, clever 1, sense surroundings 2, no
regeneration
a: Heal Wounds


You were on level 4 of the Dungeon.
You were not hungry.

You visited 1 branch of the dungeon, and saw 4 of its levels.

You collected 166 gold pieces.

Inventory:

Hand Weapons
 a - a +0 long sword (weapon)
Missiles
 j - 22 poisoned darts
 k - 8 boomerangs (quivered)
Armour
 b - a +0 scale mail (worn)
 c - a +0 shield (worn)
Jewellery
 e - a ring of see invisible (right hand)
 i - a +6 ring of evasion (left hand)
 l - a +2 ring of strength
Scrolls
 m - 2 scrolls of magic mapping
Potions
 d - a potion of might
 h - a potion of heal wounds
Comestibles
 f - 5 rations


   Skills:
 + Level 3.0 Fighting
 + Level 4.1 Long Blades
 + Level 4.4 Armour
 + Level 0.5 Dodging
 + Level 0.1 Stealth
 + Level 5.4 Shields


You had 5 spell levels left.
You didn't know any spells.
Your spell library was empty.

Dungeon Overview and Level Annotations

Branches:
Dungeon (4/15)
 Temple: D:4-7

Altars:
Ashenzari
Cheibriados
Kikubaaqudgha
Ru
Uskayaw


Innate Abilities, Weirdness & Mutations

You are resistant to damage.
You can heal yourself by infusing magical energy.
You passively map the area around you.
You do not regenerate.
You tend to lose your temper in combat.
Your mind is acute. (Int +2)


Message History

You barely miss the adder.
The adder is heavily wounded.
The adder bites you but does no damage. You block the ogre's attack.
The crimson imp blinks!
You block the adder's attack.
You hit the adder but do no damage.
The adder is heavily wounded.
The ogre barely misses you.
You riposte.
You slash the ogre!
The ogre is severely wounded.
You block the adder's attack. x2
You hit the adder.
The adder is almost dead.
The ogre barely misses you. You block the adder's attack.
You barely miss the adder.
The adder is almost dead.
The adder closely misses you. You block the ogre's attack. The adder bites you.
* * * LOW HITPOINT WARNING * * *
You closely miss the adder.
The adder is almost dead.
The ogre hits you with a +0 giant club!!
You die...

, * , ** * , ,, ,
.###....## * ,
........# * ,, ,
..#..>.## ,
#.#.....## , * *
###........ , , **,
* ##........## ,
##..........## , , ,
, ,,
#......@O....### ,*
, , .......#S.......
, ,
,***......#...#.....
, , **
......#<...##... . ,
, , #......ยง..##
.... , *
#......#...# ... ,
,,,
##.....#...##,....
#....#.##..#.....,
#................,


You could see an ogre and an adder.

Vanquished Creatures
  A hippogriff (D:3)
  Terence (D:2)
  4 adders (D:2)
  2 worms (D:3)
  2 dart slugs
  A leopard gecko (D:2)
  3 orcs (D:3)
  A ball python (D:3)
  8 bats
  A giant cockroach (D:2)
  12 goblins
  10 hobgoblins
  3 jackals (D:3)
  4 quokkas
  5 frilled lizards
  5 kobolds
  14 rats
77 creatures vanquished.

Notes
Turn   | Place    | Note
-------+----------+-------------------------------------------
     0 | D:1      | HawFromDerth the Deep Dwarf Fighter began the quest for the
                  | Orb.
     0 | D:1      | Reached XP level 1. HP: 20/20 MP: 1/1
   451 | D:1      | Reached XP level 2. HP: 27/27 MP: 2/2
   964 | D:2      | Reached skill level 4 in Shields
   964 | D:2      | Reached XP level 3. HP: 30/33 MP: 3/3
  1130 | D:2      | Found an ancient bone altar of Kikubaaqudgha.
  1307 | D:2      | Noticed Terence
  1335 | D:2      | Killed Terence
  1335 | D:2      | Reached XP level 4. HP: 12/40 MP: 4/4
  1402 | D:2      | Gained mutation: You tend to lose your temper in combat.
                  | [potion of mutation]
  1402 | D:2      | Gained mutation: Your mind is acute. (Int +2) [potion of
                  | mutation]
  1402 | D:2      | Gained mutation: You passively map the area around you.
                  | [potion of mutation]
  1705 | D:3      | Found a snail-covered altar of Cheibriados.
  1712 | D:3      | Found a sacrificial altar of Ru.
  1780 | D:3      | Found a shattered altar of Ashenzari.
  2170 | D:3      | Found a sacrificial altar of Ru.
  2395 | D:3      | Reached skill level 5 in Shields
  2437 | D:3      | Noticed a hippogriff
  2456 | D:3      | Killed a hippogriff
  2456 | D:3      | Reached XP level 5. HP: 14/49 MP: 5/5
  2456 | D:3      | Reached XP level 6. HP: 16/56 MP: 6/6
  2501 | D:3      | Found a hide-covered altar of Uskayaw.
  3159 | D:4      | Mangled by an ogre

Levels and vault maps discovered:
D:1:      psy_arrival_wood_between_worlds, layout_basic
D:2:      layout_loops_ring, overflow_temple_1_default, minmay_rat_gold_closets,
          uniq_terence
D:3:      wad_river_or_something, layout_basic, minitemple,
          eat_drink_and_be_merry_uskayaw, lemuel_round_altar, first_ration,
          nicolae_ru_the_path_less_chosen
D:4:      layout_layer_cave, temple_green, serial_shops, shop,
          kennysheep_big_empty_room, hangedman_feature_mirror

Skill      XL: |  1  2  3  4 |
---------------+-------------+-----
Shields        | 4 5 |  5.4
Long Blades    | 3 4 |  4.1
Fighting       | 3 |  3.0
Armour         | 4 |  4.4
Dodging        | |  0.5
Stealth        | |  0.1

Action                   |  1- 3 |  4- 6 || total
-------------------------+-------+-------++-------
Melee: Long sword        |   124 |   155 ||   279
 Abil: Heal Wounds       |       |     1 ||     1
  Use: Potion            |       |     9 ||     9
       Scroll            |       |     4 ||     4
 Stab: Sleeping          |       |     1 ||     1
  Eat: Chunk             |     1 |     7 ||     8
Armor: Scale mail        |    29 |    48 ||    77
Dodge: Dodged            |    59 |    81 ||   140
Block: Shield            |    73 |   108 ||   181
       Rpst.: Long sword |    23 |    25 ||    48

Table legend:
 A = Non-vault XP
 B = Vault XP
 C = Vault XP percentage of total XP
 D = Non-vault monster count
 E = Vault monster count
 F = Vault count percentage of total count
                 A         B        C        D         E       F
            +---------+---------+-------+---------+---------+-------
      Total |     159 |     304 |  65.7 |      60 |      17 |  22.1
            +---------+---------+-------+---------+---------+-------
        D:1 |      24 |       0 |   0.0 |      13 |       0 |   0.0
        D:2 |      87 |      39 |  31.0 |      25 |       8 |  24.2
        D:3 |      48 |     265 |  84.7 |      22 |       9 |  29.0
            +---------+---------+-------+---------+---------+-------
